 Dungeon Crawl Stone Soup version 0.31.0-9-g3a7656b989 (webtiles) character file.

Game seed: 1121064840469430371

51 qw the Shooter (level 3, -1/20 HPs)
             Began as a Deep Elf Hunter on Feb 2, 2024.
             Slain by Grinder (3 damage)
             ... on level 4 of the Dungeon.
             The game lasted 00:00:03 (700 turns).

qw the Shooter (Deep Elf Hunter)                     Turns: 700, Time: 00:00:03

Health: -1/20      AC:  6    Str: 10    XL:     3   Next: 58%
Magic:  5/5        EV:  9    Int: 13    God:
Gold:   21         SH:  0    Dex: 18    Spells: 2/2 levels left

rFire   . . .        a - +1 shortbow
rCold   . . .        (shield currently unavailable)
rNeg    . . .        h - +0 scale mail
rPois   .            (no helmet)
rElec   .            (no cloak)
rCorr   .            (no gloves)
SInv    +            (no boots)
Will    .....        (no amulet)
Stlth   +            d - ring of see invisible
HPRegen 0.23/turn    (no ring)
MPRegen 0.09/turn

%: no passive effects
@: no status effects
A: no striking features
a: no special abilities


You were on level 4 of the Dungeon.
You visited 1 branch of the dungeon, and saw 3 of its levels.

You collected 21 gold pieces.


   Skills:
 - Level 1.5 Fighting
 + Level 7.1 Ranged Weapons
 - Level 2.4 Dodging
 - Level 1.2 Stealth


You had 2 spell levels left.
You didn't know any spells.
Your spell library was empty.

Inventory:

Hand Weapons
 a - a +1 shortbow (weapon)
Armour
 c - a +0 pair of boots
 h - a +0 scale mail (worn)
Jewellery
 d - a ring of see invisible (left hand)
Scrolls
 e - a scroll of identify
Potions
 b - a potion of lignification {unknown}
 f - a potion of enlightenment
 g - 2 potions of might {unknown}
 j - a potion of curing {unknown}

Dungeon Overview and Level Annotations

Branches:
Dungeon (2/15)

Altars:

Annotations:
D:4 Grinder


Message History

A bat comes into view.
You shoot an arrow. The arrow hits the kobold!
You kill the kobold!
You shoot an arrow. The arrow hits the bat.
You kill the bat!
An endoplasm comes into view.
You shoot an arrow. The endoplasm quivers.
The arrow hits the endoplasm!
You kill the endoplasm!
A malevolent force fills the Dungeon...
You fall into a shaft and drop 2 floors!
The shaft crumbles and collapses.
You hear the sound of rushing water.
There is an entrance to a sewer on this level.
Hurry and find it before the portal rusts away!
c - a +0 pair of boots Waypoint 2 assigned to D:4.
679 ||| PLANNING SEWER
e - a scroll of identify
Found a stone staircase leading down.
Found a stone staircase leading up.
Grinder comes into view.
Grinder shouts!
You shoot an arrow. The arrow hits Grinder.
Grinder is lightly wounded.
You shoot an arrow. The arrow hits Grinder.
Grinder is lightly wounded.
Grinder misses you.
A ribbon worm comes into view.
You shoot an arrow. The arrow barely misses Grinder.
Grinder hits you.
You writhe in agony.
Grinder hits you.
You writhe in agony.
You shoot an arrow. The arrow closely misses Grinder.
The arrow completely misses the ribbon worm.
Grinder closely misses you.
You shoot an arrow. The arrow barely misses Grinder.
The arrow hits the ribbon worm.
The ribbon worm is lightly wounded.
Grinder hits you.
You writhe in agony.
You die...
Grinder sighs, "Dead already?
I want a refund."

.......## ....
........# <....
..w...... .....
.................
..........#......
.............#..>...
#......###.5........
##........###@.......
.........#.#........
#..................
#.........#........
##.........###......
#.......#..# ......
##........## ......
#......#### ......
##....## ....#


You could see Grinder and a ribbon worm.

Vanquished Creatures
  2 adders
  2 dart slugs (D:1)
  4 bats
  6 endoplasms
  4 goblins
  3 hobgoblins (D:1)
  A ball python (D:1)
  2 frilled lizards (D:1)
  4 kobolds
  2 rats (D:1)
30 creatures vanquished.

Notes
Turn   | Place    | Note
-------+----------+-------------------------------------------
     0 | D:1      | qw the Deep Elf Hunter began the quest for the Orb.
     0 | D:1      | Reached XP level 1. HP: 12/12 MP: 3/3
     0 | D:1      | 0 ||| qw: Version: 0.3-a-155-g5e7d8dd
     0 | D:1      | 0 ||| qw: Game counter: 2183
     0 | D:1      | 0 ||| qw: Melee chars always use a shield: true
     0 | D:1      | 0 ||| qw: God list: Okawaru
     0 | D:1      | 0 ||| qw: Allow faded altars: false
     0 | D:1      | 0 ||| qw: Do Orc after clearing Dungeon:15 true
     0 | D:1      | 0 ||| qw: Do second Lair branch before Depths: true
     0 | D:1      | 0 ||| qw: Lair rune preference: random
     0 | D:1      | 0 ||| qw: Goals: Normal
     0 | D:1      | 0 ||| PLANNING D:1-11
    66 | D:1      | Reached skill level 6 in Ranged Weapons
    66 | D:1      | Reached XP level 2. HP: 16/16 MP: 4/4
   509 | D:1      | 509 ||| UPGRADING to +0 scale mail.
   519 | D:1      | 519 ||| DROPPING +0 leather armour.
   520 | D:1      | 520 ||| UPGRADING to ring of see invisible.
   521 | D:1      | 521 ||| READING scroll labelled NYGUTIS LIGROI.
   521 | D:1      | 521 ||| IDENTIFYING glowing white potion
   522 | D:1      | 522 ||| READING scroll labelled QACZIMPE TIPSO.
   522 | D:1      | 522 ||| ENCHANTING +0 shortbow.
   523 | D:1      | 523 ||| DROPPING scroll of butterflies.
   548 | D:2      | 548 ||| STAIRDANCE
   553 | D:1      | Reached XP level 3. HP: 16/20 MP: 5/5
   572 | D:2      | 572 ||| STAIRDANCE
   577 | D:2      | 577 ||| STAIRDANCE
   615 | D:2      | Reached skill level 7 in Ranged Weapons
   674 | D:2      | You fall into a shaft and drop 2 floors!
   679 | D:4      | 679 ||| PLANNING SEWER
   695 | D:4      | Noticed Grinder
   700 | D:4      | HP: 2/20 [Grinder (4)]
   700 | D:4      | Slain by Grinder

Levels and vault maps discovered:
D:1:      orjb1_lava_funnel, layout_loops_ring
D:2:      layout_basic
D:4:      nicolae_cairo_tiling, layout_cave_pools, nzn_wu_jian_contemplation,
          gup_sewer_entry_bubbles, chequers_serial_rivers_room_a, uniq_grinder

Skill      XL: |  1  2  3 |
---------------+----------+-----
Ranged Weapons | 6 7 |  7.1
Fighting       | |  1.5
Dodging        | |  2.4
Stealth        | |  1.2

Action                     || total
---------------------------++-------
   Fire: Shortbow          ||    76
    Use: Scroll            ||     2
 Armour: Scale mail        ||    16
         Leather armour    ||     3
  Dodge: Dodged            ||    20

Table legend:
 A = Non-vault XP
 B = Vault XP
 C = Vault XP percentage of total XP
 D = Non-vault monster count
 E = Vault monster count
 F = Vault count percentage of total count
                 A         B        C        D         E       F
            +---------+---------+-------+---------+---------+-------
      Total |      74 |       0 |   0.0 |      30 |       0 |   0.0
            +---------+---------+-------+---------+---------+-------
        D:1 |      53 |       0 |   0.0 |      24 |       0 |   0.0
        D:2 |      21 |       0 |   0.0 |       6 |       0 |   0.0
            +---------+---------+-------+---------+---------+-------
